AoeStats
← Michi3052

Golden Pit

503217848Analyzed
1v1 RM · 1mo ago on Aug 30, 2026· 46m 26s· 2 players
Game mode
Random Map
Map size
Tiny (2 player)
Population
200
Speed
Normal
Resources
Standard
Victory
Conquest
Starting age
Dark Age
Ending age
Imperial Age
RankedLock teamsTeams togetherTeam positionsShared explorationLock speedFull tech treeHidden civsTurbo modeCheats
Victory
Defeat
🇺🇸 Bulgarians · United States
758
+15
🇪🇸 Bohemians · Spain
743
-15
Michi3052
3:53 Loom
12:24 Feudal Age
13:56 Double-Bit Axe
20:23 Castle Age
21:33 Bow Saw
23:49 Chemistry
25:19 Wheelbarrow
29:08 Town Watch
35:45 Hand Cart
35:31 Town Patrol
37:11 Padded Archer Armor
37:01 Fletching
41:49 Imperial Age
39:34 Bodkin Arrow
40:30 Horse Collar
43:57 Conscription
43:52 Wagenburg Tactics
Dope Ass Name
7:59 Loom
10:45 Feudal Age
16:17 Castle Age
14:59 Double-Bit Axe
30:46 Fletching
31:32 Bodkin Arrow
33:16 Scale Mail Armor
35:22 Scale Barding Armor
36:21 Chain Barding Armor
37:38 Chain Mail Armor
37:59 Stirrups
39:00 Bow Saw
38:42 Horse Collar
40:21 Wheelbarrow
40:00 Stone Mining
40:01 Gold Mining
41:01 Masonry
41:41 Forging
42:20 Murder Holes
43:32 Iron Casting
Connection lost

Rejoining the realm…

Still unreachable

The connection could not be restored.

Session expired

The server has moved on; the page needs a fresh start.